 Dungeon Crawl Stone Soup version 0.30.0-10-gfe55d96785 (webtiles) character file.

Game seed: 17011105485470991047

46 monsoonserge the Shield-Bearer (level 4, -5/40 HPs)
             Began as a Meteoran Fighter on May 15, 2023.
             Was an Initiate of Ashenzari.
             Slain by a worm (8 damage)
             ... on level 2 of the Dungeon.
             The game lasted 00:04:55 (688 turns).

monsoonserge the Shield-Bearer (Meteoran Fighter)    Turns: 688, Time: 00:04:55

Health: -5/40      AC:  7    Str: 20    XL:     4   Next: 15%
Magic:  5/5        EV:  9    Int:  9    God:    Ashenzari [......]
Gold:   76         SH:  5    Dex: 13    Spells: 3/3 levels left

rFire   . . .        p - +1 mace (holy)
rCold   . . .        c - +0 buckler
rNeg    . . .        b - +0 scale mail of Ashenzari's Doubts {Alch, Self} (curse)
rPois   .            (no helmet)
rElec   .            (no cloak)
rCorr   .            (no gloves)
SInv    .            (no boots)
Will    .....        (no amulet) Stlth
                     (no ring)
HPRegen 0.26/turn    (no ring)
MPRegen 0.09/turn

%: no passive effects
@: glowing
A: sense surroundings 1, otherworldly, glowing, explore regen
a: Renounce Religion, Shatter the Chains


You were on level 2 of the Dungeon.
You worshipped Ashenzari.
Ashenzari was noncommittal.
You visited 1 branch of the dungeon, and saw 3 of its levels.

You collected 76 gold pieces.

Inventory:

Hand Weapons
 a - a +0 flail
 p - a +1 mace of holy wrath (weapon)
Missiles
 h - 2 javelins (quivered)
Armour
 b - the cursed +0 scale mail of Ashenzari's Doubts (worn) {Alch, Self}

   It has a curse which improves the following skills: Alchemy: Poison Magic and
   Transmutations.
   Introspection: Fighting and Spellcasting.
 c - a +0 buckler (worn)
Scrolls
 e - 2 scrolls of identify {unknown}
 i - 2 scrolls of enchant weapon {unknown}
 k - a scroll of fear {unknown}
 m - a scroll of magic mapping {unknown}
 o - a scroll of enchant armour {unknown}
 q - a scroll of blinking {unknown}
 r - a scroll of teleportation {unknown}
Potions
 d - a potion of might
 f - 2 potions of curing {unknown}
 g - a potion of attraction {unknown}
 j - a potion of cancellation {unknown}
 l - a potion of brilliance {unknown}
 n - a potion of flight {unknown}


   Skills:
 + Level 3.7(4.1) Fighting
 + Level 3.4 Maces & Flails
 + Level 4.1 Armour
 + Level 4.3 Shields


You had 3 spell levels left.
You didn't know any spells.
Your spell library contained the following spells:

 Spells                   Type           Power      Damage    Failure   Level
 Static Discharge         Conj/Air       0%         2-2/arc   91%         2
 Airstrike                Air            0%         2d(0-16)  100%        4
 Summon Lightning Spire   Summ/Air       0%         N/A       100%        4


Dungeon Overview and Level Annotations

Branches:
Dungeon (3/15) Zot: 1087

Altars:
Ashenzari


Innate Abilities, Weirdness & Mutations

You passively map a small area around you.
You are easily found by Zot.
You glow in the dark.
You regain HP and MP as you explore.


Message History

An orc priest comes into view.
It is wielding a +0 club and wearing the amulet of Ohaas {Will+ Regen+ Int+2 Stlth+}.
You hear a shout!
You see here 16 gold pieces.
There is a stone staircase leading up here.
The goblin hits you but does no damage.
You climb upwards.
There is a stone staircase leading down here.
You closely miss the goblin. The goblin hits you with a +0 dagger.
You hit the goblin.
You kill the goblin!
Things that are here:
a +0 dagger; a goblin corpse
There is a stone staircase leading down here.
You climb downwards.
The orc completely misses you. The orc hits you with a +0 flail.
The orc closely misses you.
There is a stone staircase leading up here.
You block the orc's attack. The orc hits you with a +0 flail!
The orc closely misses you. You block the worm's attack.
You climb upwards.
There is a stone staircase leading down here.
Unknown command.
You hit the orc.
The orc is moderately wounded.
The orc hits you with a +0 club. The orc hits you with a +0 flail.
* * * LOW HITPOINT WARNING * * *
You block the orc's attack. The orc barely misses you.
You block the orc's attack. The orc hits you with a +0 mace.
* * * LOW HITPOINT WARNING * * *
You closely miss the orc.
The orc is moderately wounded.
The worm closely misses you. The orc hits you but does no damage.
The orc barely misses you. The orc hits you with a +0 mace.
* * * LOW HITPOINT WARNING * * *
Unknown command.
You hit the orc.
The orc is heavily wounded.
You block the orc's attack. The orc hits you with a +0 club.
* * * LOW HITPOINT WARNING * * *
You block the orc's attack. The worm bites you!
You die...

#.......## #.#
#.##.. #.##
#...#####.# #..._.
#..###.........#
####..
##.#)##...#######
### #...#.#.#.##
##...#.###.#
##.###†#.## #.#
#oo####### #.#
#@w......# #.#
#o######.# #.# #†#
#.# #.###.#### #.#
#........# #.#
#####.##.# #.# #
#.##.# #.# ##
#.##.###>########.
#.................


You could see a worm and 3 orcs.

Vanquished Creatures
  2 adders (D:2)
  4 bats
  2 endoplasms
  3 goblins (D:2)
  2 hobgoblins (D:1)
  4 jackals (D:2)
  2 kobolds
  A quokka (D:1)
  A ball python (D:2)
  A frilled lizard (D:1)
  4 rats
26 creatures vanquished.

Notes
Turn   | Place    | Note
-------+----------+-------------------------------------------
     0 | D:1      | monsoonserge the Meteoran Fighter began the quest for the
                  | Orb.
     0 | D:1      | Reached XP level 1. HP: 19/19 MP: 2/2
   105 | D:1      | Reached XP level 2. HP: 26/26 MP: 3/3
   473 | D:2      | Found a faded altar of an unknown god.
   481 | D:2      | Prayed at the altar of an unknown god.
   481 | D:2      | Became a worshipper of Ashenzari the Shackled
   494 | D:2      | Reached XP level 3. HP: 31/31 MP: 4/4
   628 | D:2      | Reached XP level 4. HP: 40/40 MP: 5/5
   673 | D:3      | Identified the amulet of Ohaas {Will+ Regen+ Int+2 Stlth+}
   688 | D:2      | Slain by a worm

Illustrated notes

Levels and vault maps discovered:
D:1:      psy_arrival_conway, layout_rooms
D:2:      layout_loops_ring, ebering_ecumenical_altar_abandoned,
          corexii_corridor_pit, amethyst_killhole, kennysheep_nub
D:3:      layout_rooms, lemuel_crystal_altar

Skill      XL: |  1  2 |
---------------+-------+-----
Maces & Flails | 3 |  3.4
Shields        | 4 |  4.3
Armour         | 4 |  4.1
Fighting       | |  3.7

Action                     |  1- 3 |  4- 6 || total
---------------------------+-------+-------++-------
  Melee: Flail             |    40 |       ||    40
         Mace              |    29 |     5 ||    34
 Invoke: Curse Item        |     1 |       ||     1
 Armour: Scale mail        |    33 |     2 ||    35
  Dodge: Dodged            |    26 |     6 ||    32
  Block: Buckler           |    18 |     6 ||    24
